TOP OF THE 1ST |
Baltimore Orioles batting - Pitching for Minnesota Twins : RHP Jesus Fernandez
|
Pitching: RHP Jesus Fernandez
|
|
Batting: RHB Saimei Kudo
|
0-0: Foul Ball, location: 2F 0-1: Foul Ball, location: 2F 0-2: Ball 1-2: Strikes out swinging
|
Batting: RHB Marc Peckermark
|
0-0: Ball 1-0: Called Strike 1-1: Ground out 6-3 (Groundball, P, EV 84.4 MPH)
|
Batting: LHB Brad Pepin
|
0-0: Ball 1-0: Ground out 6-3 (Groundball, 6M, EV 105.0 MPH)
|
Top of the 1st over - 0 runs, 0 hits, 0 errors, 0 left on base; Baltimore 0 - Minnesota 0 |
BOTTOM OF THE 1ST |
Minnesota Twins batting - Pitching for Baltimore Orioles : RHP Jacob Taylor
|
Pitching: RHP Jacob Taylor
|
|
Batting: LHB Peer Derks
|
0-0: Called Strike 0-1: Fly out, F8 (Flyball, 78D, EV 83.8 MPH)
|
Batting: RHB Jesse Scott
|
0-0: Called Strike 0-1: Foul Ball, location: 2F 0-2: Strikes out swinging
|
Batting: LHB Joel Kunkler
|
0-0: Ground out 6-3 (Groundball, 6, EV 103.8 MPH)
|
Bottom of the 1st over - 0 runs, 0 hits, 0 errors, 0 left on base; Baltimore 0 - Minnesota 0 |
TOP OF THE 2ND |
Baltimore Orioles batting - Pitching for Minnesota Twins : RHP Jesus Fernandez
|
Batting: SHB Jason Hayes
|
0-0: SOLO HOME RUN (Flyball, 78XD, EV 98.8 MPH), Distance : 409 ft
|
Batting: RHB Kevin Howard
|
0-0: Called Strike 0-1: Foul Ball, location: 2F 0-2: Ball 1-2: Foul Ball, location: 2F 1-2: Ball 2-2: Foul Ball, location: 2F 2-2: Foul Ball, location: 2F 2-2: Hit by Pitch
|
Batting: LHB Paul Diaz
|
0-0: SINGLE (Line Drive, 9S, EV 103.1 MPH) Kevin Howard to second
|
Batting: RHB Josh Hamilton
|
0-0: Foul Ball, location: 2F 0-1: Ball 1-1: Foul Ball, location: 2F 1-2: Grounds into double play, 4-6-3 (Groundball, 34, EV 84.4 MPH) Kevin Howard to third
|
Batting: RHB Ruben Garza
|
0-0: Called Strike 0-1: Ball 1-1: Ball 2-1: Foul Ball, location: 2F 2-2: Fly out, F9 (Flyball, 9, EV 94.4 MPH)
|
Top of the 2nd over - 1 run, 2 hits, 0 errors, 1 left on base; Baltimore 1 - Minnesota 0 |
BOTTOM OF THE 2ND |
Minnesota Twins batting - Pitching for Baltimore Orioles : RHP Jacob Taylor
|
Batting: RHB Jesus Chavez
|
0-0: Ball 1-0: Called Strike 1-1: Ball 2-1: Ball 3-1: Swinging Strike 3-2: Foul Ball, location: 2F 3-2: SINGLE (Line Drive, 4M, EV 94.4 MPH)
|
Batting: LHB Sadamu Noguchi
|
0-0: Foul Ball, location: 2F 0-1: Ground out 5-3 (Groundball, 56S, EV 72.5 MPH) Jesus Chavez to second
|
Batting: RHB Matthew Starr
|
0-0: Called Strike 0-1: Swinging Strike 0-2: Ball 1-2: Ball 2-2: Fly out, F9 (Flyball, 89M, EV 83.1 MPH)
|
Batting: RHB José Molina
|
0-0: Ball 1-0: SINGLE (Groundball, 4M, EV 96.2 MPH) Jesus Chavez to third Runner from 3rd tries for Home, throw by CF and OUT! 8-2
|
Bottom of the 2nd over - 0 runs, 2 hits, 0 errors, 1 left on base; Baltimore 1 - Minnesota 0 |
TOP OF THE 3RD |
Baltimore Orioles batting - Pitching for Minnesota Twins : RHP Jesus Fernandez
|
Batting: LHB Gabe Pace
|
0-0: Fly out, F4 (Popup, 4S, EV 75.0 MPH)
|
Batting: RHB Saimei Kudo
|
0-0: Ball 1-0: Ball 2-0: Ball 3-0: Called Strike 3-1: Base on Balls
|
Batting: RHB Marc Peckermark
|
0-0: Ball 1-0: Called Strike 1-1: Swinging Strike 1-2: Foul Ball, location: 2F 1-2: Foul Ball, location: 2F 1-2: Hit by Pitch Saimei Kudo to second
|
Batting: LHB Brad Pepin
|
0-0: Called Strike 0-1: Ball 1-1: Ball 2-1: SINGLE (Groundball, 13S, EV 62.5 MPH) (infield hit) Saimei Kudo to third Marc Peckermark to second
|
Batting: SHB Jason Hayes
|
0-0: Called Strike 0-1: Ball 1-1: DOUBLE (Line Drive, 78D, EV 106.2 MPH) Saimei Kudo scores Marc Peckermark scores Brad Pepin to third Runner from 3rd tries for Home, SAFE, throw by CF to home
|
Batting: RHB Kevin Howard
|
0-0: Called Strike 0-1: Ball 1-1: Ground out 6-3 (Groundball, 6, EV 85.6 MPH) Jason Hayes to third
|
Batting: LHB Paul Diaz
|
0-0: Foul Ball, location: 2F 0-1: Ball Wild Pitch! Jason Hayes scores 1-1: Ball 2-1: Foul Ball, location: 2F 2-2: Strikes out swinging
|
Top of the 3rd over - 4 runs, 2 hits, 0 errors, 0 left on base; Baltimore 5 - Minnesota 0 |
BOTTOM OF THE 3RD |
Minnesota Twins batting - Pitching for Baltimore Orioles : RHP Jacob Taylor
|
Batting: RHB Yonetoshi Muranaka
|
0-0: Ball 1-0: Called Strike 1-1: Ball 2-1: SINGLE (Groundball, 6MD, EV 108.1 MPH)
|
Batting: RHB Josh Zoglmann
|
0-0: Called Strike 0-1: Foul Ball, location: 2F 0-2: Ball 1-2: Fly out, F8 (Flyball, 8LD, EV 78.8 MPH)
|
Batting: LHB Peer Derks
|
0-0: Ball 1-0: Ball 2-0: Grounds into double play, 5-4-3 (Groundball, 56, EV 110.0 MPH)
|
Bottom of the 3rd over - 0 runs, 1 hit, 0 errors, 0 left on base; Baltimore 5 - Minnesota 0 |
TOP OF THE 4TH |
Baltimore Orioles batting - Pitching for Minnesota Twins : RHP Jesus Fernandez
|
Batting: RHB Josh Hamilton
|
0-0: Called Strike 0-1: Called Strike 0-2: Foul Ball, location: 2F 0-2: Foul Ball, location: 2F 0-2: Foul Ball, location: 2F 0-2: Ball 1-2: Strikes out swinging
|
Batting: RHB Ruben Garza
|
0-0: Called Strike 0-1: Swinging Strike 0-2: Ball 1-2: Foul Ball, location: 2F 1-2: Ground out 5-3 (Groundball, 56, EV 88.1 MPH)
|
Batting: LHB Gabe Pace
|
0-0: Called Strike 0-1: Ball 1-1: Ball 2-1: Ball 3-1: Foul Ball, location: 2F 3-2: Foul Ball, location: 2F 3-2: Base on Balls
|
Pitching: RHP Steffen Joseph
|
|
Batting: RHB Saimei Kudo
|
0-0: Ball Gabe Pace is caught stealing 2nd base 2-4
|
Top of the 4th over - 0 runs, 0 hits, 0 errors, 0 left on base; Baltimore 5 - Minnesota 0 |
BOTTOM OF THE 4TH |
Minnesota Twins batting - Pitching for Baltimore Orioles : RHP Jacob Taylor
|
Batting: RHB Jesse Scott
|
0-0: Ball 1-0: Called Strike 1-1: Swinging Strike 1-2: Strikes out looking
|
Batting: LHB Joel Kunkler
|
0-0: Ball 1-0: Called Strike 1-1: Ball 2-1: DOUBLE (Line Drive, 3D, EV 98.1 MPH)
|
Batting: RHB Jesus Chavez
|
0-0: Ball 1-0: Called Strike 1-1: Called Strike 1-2: Foul Ball, location: 2F 1-2: Ball 2-2: Ball 3-2: Fly out, F8 (Flyball, 8LS, EV 89.4 MPH)
|
Batting: LHB Sadamu Noguchi
|
0-0: Ball 1-0: Fly out, F8 (Line Drive, 8LM, EV 96.9 MPH)
|
Bottom of the 4th over - 0 runs, 1 hit, 0 errors, 1 left on base; Baltimore 5 - Minnesota 0 |
TOP OF THE 5TH |
Baltimore Orioles batting - Pitching for Minnesota Twins : RHP Steffen Joseph
|
Batting: RHB Saimei Kudo
|
0-0: Foul Ball, location: 2F 0-1: Foul Ball, location: 2F 0-2: Fly out, F8 (Line Drive, 8RM, EV 90.0 MPH)
|
Batting: RHB Marc Peckermark
|
0-0: Ball 1-0: Ball 2-0: DOUBLE (Flyball, 78D, EV 108.8 MPH)
|
Batting: LHB Brad Pepin
|
0-0: Ball Marc Peckermark steals 3rd base 1-0: Called Strike 1-1: Foul Ball, location: 2F 1-2: Ball 2-2: 2-RUN HOME RUN (Flyball, 9LD, EV 102.5 MPH), Distance : 370 ft
|
Batting: SHB Jason Hayes
|
0-0: Ball 1-0: Ball 2-0: Called Strike 2-1: Swinging Strike 2-2: Ball 3-2: Strikes out swinging
|
Batting: RHB Kevin Howard
|
0-0: Ball 1-0: Foul Ball, location: 2F 1-1: Ball 2-1: Foul Ball, location: 2F 2-2: Strikes out swinging
|
Top of the 5th over - 2 runs, 2 hits, 0 errors, 0 left on base; Baltimore 7 - Minnesota 0 |
BOTTOM OF THE 5TH |
Minnesota Twins batting - Pitching for Baltimore Orioles : RHP Jacob Taylor
|
Batting: RHB Matthew Starr
|
0-0: Called Strike 0-1: Ground out 4-3 (Groundball, 34, EV 82.5 MPH)
|
Batting: RHB José Molina
|
0-0: Foul Ball, location: 2F 0-1: Ball 1-1: Foul Ball, location: 2F 1-2: Ball 2-2: Strikes out looking
|
Batting: RHB Yonetoshi Muranaka
|
0-0: Called Strike 0-1: Called Strike 0-2: Ball 1-2: Ball 2-2: Foul Ball, location: 2F 2-2: Ball 3-2: Strikes out swinging
|
Bottom of the 5th over - 0 runs, 0 hits, 0 errors, 0 left on base; Baltimore 7 - Minnesota 0 |
TOP OF THE 6TH |
Baltimore Orioles batting - Pitching for Minnesota Twins : RHP Steffen Joseph
|
Batting: LHB Paul Diaz
|
0-0: Ball 1-0: Fly out, F8 (Flyball, 8LD, EV 96.2 MPH)
|
Batting: RHB Josh Hamilton
|
0-0: SOLO HOME RUN (Line Drive, 78XD, EV 106.9 MPH), Distance : 431 ft
|
Batting: RHB Ruben Garza
|
0-0: Foul Ball, location: 2F 0-1: Called Strike 0-2: Ball 1-2: Fly out, F7 (Line Drive, 7D, EV 89.4 MPH)
|
Batting: LHB Gabe Pace
|
0-0: Swinging Strike 0-1: Foul Ball, location: 2F 0-2: Strikes out swinging
|
Top of the 6th over - 1 run, 1 hit, 0 errors, 0 left on base; Baltimore 8 - Minnesota 0 |
BOTTOM OF THE 6TH |
Minnesota Twins batting - Pitching for Baltimore Orioles : RHP Jacob Taylor
|
Batting: RHB Josh Zoglmann
|
0-0: Called Strike 0-1: Ball 1-1: Foul Ball, location: 2F 1-2: Strikes out swinging
|
Batting: LHB Peer Derks
|
0-0: Swinging Strike 0-1: Ground out U3 (Groundball, 3, EV 86.9 MPH)
|
Batting: RHB Jesse Scott
|
0-0: Ball 1-0: Ball 2-0: Ball 3-0: Called Strike 3-1: Fly out, F8 (Line Drive, 8LD, EV 86.2 MPH)
|
Bottom of the 6th over - 0 runs, 0 hits, 0 errors, 0 left on base; Baltimore 8 - Minnesota 0 |
TOP OF THE 7TH |
Baltimore Orioles batting - Pitching for Minnesota Twins : RHP Steffen Joseph
|
Pitching: RHP Luis Sanchez
|
|
Batting: RHB Saimei Kudo
|
0-0: Ball 1-0: Ball 2-0: Ball 3-0: Base on Balls
|
Batting: RHB Marc Peckermark
|
0-0: SINGLE (Line Drive, 9S, EV 98.8 MPH) Saimei Kudo to second
|
Batting: LHB Brad Pepin
|
0-0: Called Strike 0-1: Ball 1-1: Foul Ball, location: 2F 1-2: Ball 2-2: Strikes out swinging
|
Batting: SHB Jason Hayes
|
0-0: Reached on error, E1 (Groundball, 34S, EV 64.4 MPH) Saimei Kudo to third Marc Peckermark to second
|
Batting: RHB Kevin Howard
|
0-0: Called Strike 0-1: Called Strike 0-2: Ball 1-2: Foul Ball, location: 2F 1-2: Grounds into double play, 5-4-3 (Groundball, 56S, EV 78.8 MPH)
|
Top of the 7th over - 0 runs, 1 hit, 1 error, 2 left on base; Baltimore 8 - Minnesota 0 |
BOTTOM OF THE 7TH |
Minnesota Twins batting - Pitching for Baltimore Orioles : RHP Jacob Taylor
|
Batting: LHB Joel Kunkler
|
0-0: Called Strike 0-1: Ball 1-1: Called Strike 1-2: Ball 2-2: Foul Ball, location: 2F 2-2: Foul Ball, location: 2F 2-2: Ball 3-2: SINGLE (Line Drive, 4D, EV 105.0 MPH)
|
Batting: RHB Jesus Chavez
|
0-0: Fielders Choice at 2nd, 3-6 (Groundball, 34, EV 81.2 MPH)
|
Batting: LHB Sadamu Noguchi
|
0-0: Ball 1-0: Called Strike 1-1: 2-RUN HOME RUN (Flyball, 9D, EV 103.8 MPH), Distance : 404 ft
|
Pitching: LHP Bubba Fields
|
|
Batting: RHB Matthew Starr
|
0-0: Called Strike 0-1: Called Strike 0-2: Foul Ball, location: 2F 0-2: Ball 1-2: Strikes out swinging
|
Batting: RHB José Molina
|
0-0: Ball 1-0: Ground out 1-3 (Groundball, 15S, EV 65.0 MPH)
|
Bottom of the 7th over - 2 runs, 2 hits, 0 errors, 0 left on base; Baltimore 8 - Minnesota 2 |
TOP OF THE 8TH |
Baltimore Orioles batting - Pitching for Minnesota Twins : RHP Luis Sanchez
|
Batting: LHB Paul Diaz
|
0-0: Ball 1-0: Ball 2-0: Ground out 4-3 (Groundball, 4, EV 89.4 MPH)
|
Batting: RHB Josh Hamilton
|
0-0: Swinging Strike 0-1: Fly out, F8 (Flyball, 8RD, EV 93.1 MPH)
|
Batting: RHB Ruben Garza
|
0-0: Swinging Strike 0-1: Ball 1-1: Foul Ball, location: 2F 1-2: Strikes out looking
|
Top of the 8th over - 0 runs, 0 hits, 0 errors, 0 left on base; Baltimore 8 - Minnesota 2 |
BOTTOM OF THE 8TH |
Minnesota Twins batting - Pitching for Baltimore Orioles : LHP Bubba Fields
|
Batting: RHB Yonetoshi Muranaka
|
0-0: Ball 1-0: Ball 2-0: Foul Ball, location: 2F 2-1: Foul Ball, location: 2F 2-2: Foul Ball, location: 2F 2-2: Ball 3-2: Ground out 5-3 (Groundball, 56, EV 104.4 MPH)
|
Batting: RHB Josh Zoglmann
|
0-0: Ball 1-0: Called Strike 1-1: Foul Ball, location: 2F 1-2: Strikes out swinging
|
Batting: LHB Peer Derks
|
0-0: Called Strike 0-1: Ball 1-1: Called Strike 1-2: Foul Ball, location: 2F 1-2: Ball 2-2: Ball 3-2: Strikes out swinging, 2-3 out at first.
|
Bottom of the 8th over - 0 runs, 0 hits, 0 errors, 0 left on base; Baltimore 8 - Minnesota 2 |
TOP OF THE 9TH |
Baltimore Orioles batting - Pitching for Minnesota Twins : RHP Luis Sanchez
|
Batting: LHB Gabe Pace
|
0-0: Foul Ball, location: 2F 0-1: Ground out U3 (Groundball, 3, EV 80.6 MPH)
|
Batting: RHB Saimei Kudo
|
0-0: Ball 1-0: DOUBLE (Line Drive, 78D, EV 106.2 MPH)
|
Batting: RHB Marc Peckermark
|
0-0: Ball 1-0: Ball 2-0: Foul Ball, location: 2F 2-1: Ball 3-1: Swinging Strike 3-2: 2-RUN HOME RUN (Flyball, 9LD, EV 95.0 MPH), Distance : 361 ft
|
Batting: LHB Brad Pepin
|
0-0: DOUBLE (Groundball, 5L, EV 101.9 MPH)
|
Batting: SHB Jason Hayes
|
0-0: Ball 1-0: Ball 2-0: Called Strike 2-1: Ball 3-1: Foul Ball, location: 2F 3-2: Base on Balls
|
Batting: RHB Kevin Howard
|
0-0: SINGLE (Flyball, 4D, EV 88.1 MPH) Brad Pepin to third Jason Hayes to second
|
Pitching: RHP Oscar Zuniga
|
|
Batting: LHB Paul Diaz
|
0-0: Ball 1-0: Ball 2-0: Called Strike 2-1: Foul Ball, location: 2F 2-2: Fly out, F5 (Popup, 6, EV 61.2 MPH)
|
Batting: RHB Josh Hamilton
|
0-0: Ball 1-0: Ball 2-0: Called Strike 2-1: Fielders Choice at 2nd, 6-4 (Groundball, 56, EV 81.2 MPH)
|
Top of the 9th over - 2 runs, 4 hits, 0 errors, 3 left on base; Baltimore 10 - Minnesota 2 |
BOTTOM OF THE 9TH |
Minnesota Twins batting - Pitching for Baltimore Orioles : LHP Bubba Fields
|
Batting: RHB Jesse Scott
|
0-0: Ground out 5-3 (Groundball, 5, EV 83.8 MPH)
|
Pitching: RHP Mike Hurst
|
|
Batting: LHB Joel Kunkler
|
0-0: SINGLE (Flyball, 89S, EV 95.6 MPH)
|
Batting: RHB Jesus Chavez
|
0-0: Ball Wild Pitch! Joel Kunkler to second 1-0: Foul Ball, location: 2F 1-1: Ball 2-1: Ground out 6-3 (Groundball, P, EV 79.4 MPH) Joel Kunkler to third
|
Batting: LHB Sadamu Noguchi
|
0-0: Ball 1-0: Swinging Strike 1-1: Ball 2-1: Ground out 5-3 (Groundball, 56, EV 102.5 MPH)
|
Bottom of the 9th over - 0 runs, 1 hit, 0 errors, 1 left on base; Baltimore 10 - Minnesota 2 |
|